Map: Dasan Station LE

Players

Sankara - Winner!

  • Race: Terran Terran
  • League: Gold
  • Spawn Location: 12:00

Fropez

  • Race: Protoss Protoss
  • League: Gold
  • Spawn Location: 6:00

VOD

Have the link to the VOD?

Description

Time

  • Played on: July 19, 2016, 2:45 p.m.
  • Length: 28:00
Show
View Real Time Build Order
Export as new Build Order

Sankara Terran - Winner!

Build Orders:  

Get SALT Encoding   

  12  0:17  SCV, Supply Depot  
  13  0:29  SCV  
  15  0:42  SCV  
  15  0:45  Barracks  
  15  0:55  SCV  
  16  1:00  Refinery  
  16  1:07  SCV  
  17  1:19  SCV  
  17  1:20  Supply Depot  
  18  1:31  SCV  
  19  1:39  Barracks  
  19  1:43  SCV  
  19  1:44  Reaper  
  21  1:54  Refinery  
  21  1:55  Orbital Command  
  21  2:04  Engineering Bay  
  21  2:16  Reaper  
  22  2:24  SCV  
  22  2:27  Barracks  
  22  2:29  Barracks Tech Lab  
  22  3:25  Marine x3  
  24  3:43  Marine x3, Terran Infantry Weapons Level 1  
  24  3:47  Command Center  
  27  3:50  Combat Shields  
  27  4:00  Marine  
  27  4:01  Marine x2, Factory  
  30  4:03  SCV  
  31  4:21  Supply Depot  
  31  4:32  Command Center  
  31  4:43  Marine x3, SCV  
  31  4:45  Supply Depot  
  35  4:49  Starport  
  35  4:53  Factory Tech Lab  
  35  4:55  SCV  
  36  5:00  Marine x3, Missile Turret  
  38  5:07  SCV  
  38  5:19  SCV  
  32  5:36  Marine x2  
  32  5:50  Orbital Command  
  32  5:54  Marine x2  
  34  5:57  Medivac  
  36  6:04  Planetary Fortress  
  36  6:10  Terran Infantry Armor Level 1  
  36  6:11  Marine  
  36  6:12  Marine  
  38  6:19  SCV  
  38  6:22  SCV  
  40  6:27  Medivac  
  40  6:29  Marine  
  40  6:30  Marine  
  40  6:31  SCV  
  45  6:35  SCV  
  38  6:43  SCV  
  38  6:47  Siege Tank, SCV, Marine  
  37  6:48  Marine  
  42  6:55  SCV  
  43  7:19  Siege Tank  
  43  7:44  Marine x2  
  43  7:53  SCV  
  43  7:55  SCV  
  45  8:02  Marine x2  
  45  8:05  SCV  
  48  8:12  SCV  
  49  8:17  Starport Tech Lab  
  49  8:20  Marine x2  
  49  8:24  SCV  
  49  8:26  Refinery  
  52  8:28  SCV  
  53  8:36  SCV, Liberator  
  53  8:37  Marine  
  53  8:38  Marine  
  53  8:40  SCV  
  57  8:48  SCV  
  57  8:52  SCV  
  62  9:01  SCV x2  
  64  9:04  SCV  
  65  9:13  SCV  
  65  9:14  SCV  
  65  9:16  SCV  
  55  9:25  SCV  
  55  9:26  SCV  
  54  9:36  Raven  
  54  9:37  SCV  
  54  9:38  SCV  
  37  10:35  Banshee  
  40  10:48  Orbital Command, Refinery  
  40  10:50  Refinery  
  40  11:07  Missile Turret  
  40  11:18  Banshee  
  40  11:25  Marine  
  43  11:26  Marine  
  43  11:32  Supply Depot  
  45  11:34  SCV  
  46  11:43  Marine x2  
  46  11:47  SCV  
  47  11:59  SCV  
  47  12:01  Marine x2, Banshee  
  48  12:11  SCV  
  49  12:19  Marine x2  
  49  12:20  Hi-Sec Auto Tracking  
  51  12:23  SCV  
  51  12:26  Missile Turret  
  52  12:36  Marine  
  53  12:37  Marine  
  45  13:11  Siege Tank  
  48  13:17  Building Armor  
  48  13:23  Marauder, Command Center  
  48  13:24  Marine  
  48  13:25  Marine  
  52  13:42  Marine x2  
  52  13:43  Siege Tank  
  52  13:44  Marauder  
  59  13:59  Missile Turret  
  59  14:00  Marine x2, Missile Turret  
  61  14:05  Missile Turret  
  61  14:06  Marauder  
  63  14:13  Banshee  
  66  14:18  Marine x2  
  68  14:27  Marauder  
  70  14:34  Stimpack  
  70  14:35  Marine  
  70  14:36  Marine  
  71  14:48  Marine  
  72  14:55  Banshee  
  72  14:57  Planetary Fortress  
  65  15:25  SCV  
  66  15:37  SCV  
  67  15:49  SCV  
  68  15:51  Command Center  
  68  16:01  SCV  
  69  16:08  Marauder  
  69  16:09  Marine  
  72  16:13  SCV  
  72  16:26  Marine  
  72  16:29  Marauder  
  71  16:35  Concussive Shells  
  69  16:44  Marine  
  67  16:51  Marauder  
  67  17:01  SCV  
  67  17:02  Marine  
  69  17:12  Marauder  
  69  17:13  SCV  
  72  17:20  Marine  
  71  17:25  SCV  
  72  17:34  Marauder  
  73  17:38  SCV  
  65  17:50  SCV  
  60  18:13  Orbital Command  
  60  18:23  Refinery  
  60  18:24  Cyclone  
  51  18:56  Cyclone  
  55  19:03  SCV  
  55  19:09  Starport Tech Lab  
  56  19:14  Starport  
  56  19:15  SCV  
  57  19:18  Marine x2, Liberator  
  57  19:19  Starport  
  59  19:26  Barracks  
  59  19:27  SCV  
  59  19:28  Barracks, Cyclone  
  64  19:35  Marine  
  64  19:36  Marine  
  69  19:40  SCV  
  69  19:44  SCV  
  71  19:52  SCV  
  72  19:53  Marine  
  72  19:54  Marine  
  72  19:55  Starport Tech Lab  
  72  19:57  SCV  
  75  20:00  Cyclone  
  75  20:01  Starport Tech Lab, Liberator, Fusion Core  
  75  20:04  SCV  
  75  20:05  Marine  
  81  20:09  SCV  
  81  20:11  Marine  
  81  20:12  Marine  
  84  20:14  Armory  
  84  20:16  SCV  
  84  20:21  SCV  
  89  20:22  Barracks Tech Lab x2  
  89  20:23  Marine  
  89  20:26  Missile Turret  
  89  20:27  Missile Turret  
  90  20:29  Marine x2, SCV  
  90  20:33  SCV  
  90  20:34  Banshee  
  90  20:35  Banshee, Command Center  
  100  20:55  Supply Depot  
  100  20:59  Supply Depot, Liberator  
  100  21:16  Marine x4  
  100  21:17  SCV  
  108  21:21  SCV, Marauder, Banshee  
  114  21:29  SCV  
  115  21:33  SCV  
  116  21:46  Marine x4  
  124  21:47  SCV x2, Marauder  
  124  21:59  SCV  
  125  22:04  Marine x3  
  128  22:22  Marine x2  
  130  22:47  Supply Depot  
  95  23:52  Marauder  
  95  23:53  Marauder  
  95  23:55  Marine x3  
  100  23:59  Terran Vehicle Weapons Level 1  
  100  24:00  Thor  
  108  24:13  Marine x3  
  108  24:14  Marauder x2  
  95  24:30  Marine  
  96  24:31  Marine x2  
  96  24:35  Marauder  
  96  24:36  Marauder  
  102  24:43  Thor  
  107  24:48  Marine  
  107  24:49  Marine x2  
  103  24:56  Marauder  
  103  24:57  Marauder  
  103  25:01  Planetary Fortress  
  103  25:04  Missile Turret  
  103  25:06  Marine  
  103  25:07  Marine x2  
  96  25:18  Marauder x2  
  100  25:24  Missile Turret  
  100  25:26  Thor  
  97  25:37  Marine, Marauder  
  97  25:38  Marine  
  100  25:51  Marine  
  100  25:52  Marine  
  100  25:55  Marine, Battlecruiser  
  100  25:56  Marine, Battlecruiser x2  
  122  25:58  Marauder  
  124  26:09  Marine x2  
  126  26:13  Marine x2  
  127  26:19  Marauder  
  124  26:27  Marine x2  
  124  26:31  Marine x2  
  125  26:41  Marauder  
  125  26:44  Marine, Missile Turret  
  125  26:45  Marine  
  129  26:49  Marine x2  
  137  27:02  Marauder  
  139  27:12  Marine  
  139  27:18  Marine  
Show
View Real Time Build Order
Export as new Build Order

Fropez Protoss 

Build Orders: Mass Adepts 

Get SALT Encoding   

  12  0:01  Probe (Chrono Boost)  
  13  0:13  Pylon  
  13  0:23  Probe (Chrono Boost)  
  14  0:33  Gateway  
  15  0:35  Probe (Chrono Boost)  
  15  0:46  Probe (Chrono Boost)  
  16  1:09  Assimilator  
  16  1:11  Probe (Chrono Boost)  
  17  1:13  Assimilator  
  17  1:23  Cybernetics Core  
  17  1:26  Probe (Chrono Boost)  
  18  1:37  Probe (Chrono Boost)  
  19  1:40  Pylon  
  19  1:44  Gateway  
  19  1:47  Probe (Chrono Boost)  
  19  1:50  Pylon  
  20  1:58  Probe (Chrono Boost)  
  21  2:03  Warp Gate (Chrono Boost)  
  21  2:09  Gateway  
  21  2:11  Probe  
  22  2:21  Pylon  
  22  2:23  Probe  
  23  2:30  Adept (Chrono Boost)  
  22  3:02  Adept (Chrono Boost)  
  23  3:13  Probe  
  21  3:25  Probe  
  21  3:51  Probe  
  22  4:02  Adept x3  
  28  4:15  Probe  
  29  4:23  Pylon  
  29  4:26  Adept x2  
  29  4:27  Probe  
  34  4:39  Mothership Core  
  36  4:48  Adept x2  
  40  4:55  Adept  
  42  5:00  Probe  
  41  5:36  Adept  
  41  5:37  Adept x2, Probe  
  40  5:45  Gateway  
  40  5:49  Probe  
  41  5:57  Adept x2  
  41  6:00  Adept  
  47  6:14  Forge  
  45  7:01  Adept x3  
  47  7:04  Protoss Ground Weapons Level 1 (Chrono Boost)  
  51  7:09  Gateway  
  51  7:54  Probe  
  52  8:03  Twilight Council  
  52  8:06  Pylon, Probe  
  52  8:08  Nexus  
  52  8:10  Assimilator  
  53  8:16  Adept  
  55  8:24  Probe  
  56  8:28  Gateway  
  56  8:36  Probe  
  56  8:37  Adept x2  
  56  8:38  Adept  
  63  8:44  Protoss Ground Armor Level 1 (Chrono Boost)  
  63  9:03  Pylon  
  63  9:06  Blink (Chrono Boost)  
  63  9:22  Stalker x2  
  61  10:21  Assimilator  
  61  10:30  Stalker x2  
  61  10:31  Stalker x4  
  73  10:39  Gateway  
  73  10:44  Probe  
  73  10:45  Probe  
  71  11:11  Stalker x4  
  75  11:21  Protoss Ground Weapons Level 2  
  75  11:27  Resonating Glaives (Chrono Boost)  
  71  12:09  Probe  
  71  12:11  Probe  
  73  12:16  Pylon  
  73  12:28  Pylon  
  73  12:30  Pylon  
  73  12:32  Pylon  
  64  13:02  Stalker x4  
  64  13:03  Stalker x3  
  76  13:11  Pylon  
  76  13:14  Pylon  
  76  13:25  Robotics Facility  
  76  13:26  Pylon  
  76  13:30  Pylon  
  76  13:35  Pylon  
  76  13:46  Charge (Chrono Boost)  
  76  13:55  Protoss Ground Weapons Level 3 (Chrono Boost)  
  76  14:08  Probe x2  
  78  14:10  Gateway  
  78  14:13  Gateway  
  78  14:29  Nexus  
  78  14:32  Probe  
  39  15:32  Stalker x3  
  39  15:33  Stalker x4, Templar Archives  
  49  15:56  Zealot x3  
  49  15:57  Zealot x4  
  61  16:12  Sentry x2  
  61  16:13  Pylon  
  57  16:38  Zealot x2  
  57  16:39  Zealot x5  
  41  16:57  Immortal (Chrono Boost)  
  45  17:23  Zealot x5  
  45  17:24  Zealot x2  
  49  17:45  High Templar x3  
  49  17:46  High Templar x3  
  49  17:49  Archon  
  49  17:50  Archon x2  
  57  17:56  Photon Cannon  
  52  18:00  Pylon  
  51  18:14  Photon Cannon  
  51  18:15  Probe x2  
  53  18:27  Probe x2  
  53  18:34  High Templar x6  
  59  18:35  High Templar x2  
  71  18:47  Archon x4  
  71  18:51  Probe x2  
  71  18:54  Pylon  
  61  19:16  Cybernetics Core  
  61  19:27  Pylon  
  61  19:47  High Templar x5  
  61  19:51  Archon x2  
  70  20:03  Gateway  
  70  20:04  Zealot x3  
  70  20:05  Zealot  
  78  20:22  Pylon  
  78  20:42  Nexus  
  78  20:45  Assimilator  
  78  20:50  Assimilator  
  78  20:53  Observer (Chrono Boost)  
  69  21:28  Psionic Storm  
  65  22:13  Nexus  
  65  22:15  Probe  
  65  22:20  Probe  
  67  22:42  High Templar x4  
  67  22:43  High Templar  
  53  23:31  Stalker x5  
  63  23:59  Zealot x4  
  63  24:00  Zealot  
  49  24:25  Zealot x3  
  49  24:26  Zealot  
  49  24:31  Probe  
  57  24:32  Probe  
  57  24:33  Probe  
  42  25:16  Zealot  
  42  25:17  Zealot x5  
  42  25:18  Zealot  
  56  25:21  Probe  
  56  25:22  Probe  
  56  25:23  Probe x2  
  58  25:53  Stalker x2  
  62  26:08  Pylon  
  62  26:30  High Templar  
  64  26:33  Zealot x4  
  64  26:34  Zealot x3  
  77  27:03  High Templar  
  79  27:13  Zealot x3  
  79  27:17  Probe  
  79  27:19  Probe x2  
  78  27:28  Probe, Assimilator  
  74  27:31  Probe  
  74  27:32  Assimilator  
  64  27:48  Zealot x2  
  64  27:49  Zealot x2  
Tags
 
Composition
Mass Adepts
League
GoldGold
Matchup
PvT
Replay Pack
All Mines
Spawn Locations
Cross Positions
Add a new tag
Caveats
  • Supply blocks, unpowered buildings, or Contaminate may cause inaccurate times.
  • Supply counts are checked every 10 seconds.